 Dungeon Crawl Stone Soup version 0.22.1-2-g9c5b331383 (webtiles) character file.

42 flamingdaze the Magician (level 3, 0/24 HPs)
             Began as a Mummy Fire Elementalist on Dec 29, 2018.
             Slain by a gnoll
             ... wielding a +0 halberd
              (6 damage)
             ... on level 2 of the Dungeon.
             The game lasted 00:10:13 (2235 turns).

flamingdaze the Magician (Mummy Fire Elementalist)  Turns: 2235, Time: 00:10:13

Health: 0/24       AC:  3    Str: 11    XL:     3   Next: 35%
Magic:  2/7        EV: 12    Int: 15    God:
Gold:   94         SH:  5    Dex: 12    Spells: 4/8 levels left

rFire    x . .     SeeInvis .   g - +1 dagger (drain)
rCold    + . .     Gourm    .   (no shield)
rNeg     + + +     Faith    .   a - +0 robe
rPois    ∞         Spirit   .   d - +0 helmet
rElec    .         Reflect  +   (no cloak)
rCorr    .         Harm     .   (no gloves)
MR       .....                  (no boots)
Stlth    ++........             e - +5 amulet of reflection
HPRegen  0.08/turn              f - ring of poison resistance
MPRegen  0.10/turn              (no ring)

@: very slightly contaminated
A: no food or potions, fire vulnerability, cold resistance 1, negative energy
resistance 3, torment resistance, unbreathing
a: no special abilities


You were on level 2 of the Dungeon.
You were not hungry.

You visited 1 branch of the dungeon, and saw 2 of its levels.

You collected 94 gold pieces.

Inventory:

Hand Weapons
 g - a +1 dagger of draining (weapon)
Armour
 a - a +0 robe (worn)
 d - a +0 helmet (worn)
Jewellery
 e - a +5 amulet of reflection (around neck)
 f - a ring of poison resistance (left hand)
Scrolls
 b - 2 scrolls of identify
 c - 2 scrolls of blinking


   Skills:
 + Level 1.6 Dodging
 - Level 1.6 Stealth
 + Level 3.2 Spellcasting
 + Level 1.6 Conjurations
 + Level 3.0 Fire Magic


You had 4 spell levels left.
You knew the following spells:

 Your Spells              Type           Power        Failure   Level  Hunger
a - Flame Tongue          Conj/Fire      #....        8%          1    N/A
b - Conjure Flame         Conj/Fire      #.......     22%         3    N/A

Your spell library contained the following spells:

 Spells                   Type           Power        Failure   Level  Hunger
 Throw Flame              Conj/Fire      #.....       12%         2    N/A
 Inner Flame              Hex/Fire       #.......     32%         3    N/A
 Sticky Flame             Conj/Fire      #.......     58%         4    N/A
 Fireball                 Conj/Fire      #.........   91%         5    N/A

Dungeon Overview and Level Annotations

Branches:
Dungeon (2/15)

Altars:


Innate Abilities, Weirdness & Mutations

You do not eat or drink.
Your flesh is vulnerable to fire.
You are immune to poison.
Your flesh is cold resistant. (rC+)
You are immune to negative energy. (rN+++)
You are immune to unholy pain and torment.
You can survive without breathing.


Message History

Casting: Flame Tongue (safe; 8% risk of failure)
Confirm with . or Enter, or press ? or * to list all spells.
Aiming: Flame Tongue (safe; 8% risk of failure)
Press: ? - help, Shift-Dir - straight line, f/p - gnoll
Aim: a gnoll, wielding a halberd You miscast Flame Tongue.
You are very lightly contaminated with residual magic.
Nothing appears to happen.
The gnoll hits you from afar with a halberd!!
Ouch! That really hurt!
* * * LOW HITPOINT WARNING * * *
Casting: Flame Tongue (safe; 8% risk of failure)
Confirm with . or Enter, or press ? or * to list all spells.
Aiming: Conjure Flame (safe; 22% risk of failure)
Press: ? - help, Dir - move target cursor The fire ignites!
You start resting.
The gnoll is too close now for your liking.
The gnoll hits you from afar with a halberd.
You die...

### ### #.####.# #......#
#)####.#
################.#..#.#
........†.......@...#.#
##............##....#.#
#......!.....####g##.#
#............#g......#
#............#.#######
#............#...g...#
#............#######.#
#...........>.....)..####
#...........%....!g.....#


You could see a gnoll.

Vanquished Creatures
  A gnoll (D:2)
  An adder (D:2)
  3 giant cockroaches
  2 goblins (D:1)
  6 hobgoblins (D:1)
  2 kobolds
  A ball python (D:1)
  3 bats
  3 rats (D:1)
22 creatures vanquished.

Notes
Turn   | Place    | Note
-------+----------+-------------------------------------------
     0 | D:1      | flamingdaze the Mummy Fire Elementalist began the quest for
                  | the Orb.
     0 | D:1      | Reached XP level 1. HP: 13/13 MP: 4/4
   583 | D:1      | Reached skill level 1 in Conjurations
   997 | D:1      | Reached XP level 2. HP: 19/19 MP: 0/6
  1935 | D:2      | Reached XP level 3. HP: 24/24 MP: 3/7
  1977 | D:2      | Learned a level 3 spell: Conjure Flame
  2235 | D:2      | Slain by a gnoll

Skill      XL: |  1  2  3 |
---------------+----------+-----
Conjurations   | 1 |  1.6
Spellcasting   | 3 |  3.2
Fire Magic     | 3 |  3.0
Dodging        | |  1.6
Stealth        | |  1.6

Action                   || total
-------------------------++-------
 Cast: Flame Tongue      ||    54
       Conjure Flame     ||     3
  Use: Scroll            ||     2
Armor: Robe              ||     5
Dodge: Dodged            ||    16
Block: Other             ||     5
       Reflection        ||     1
